 Dungeon Crawl Stone Soup version 0.27.0-1-g7a089689b8 (webtiles) character file.

Game seed: 2622916439634455351

24502 HungrySpirit the Fighter (level 13, -7/130 HPs)
             Began as a Gargoyle Fighter on Aug 4, 2021.
             Was a Priest of Makhleb.
             Mangled by Rupert (9 damage)
             ... on level 13 of the Dungeon.
             The game lasted 00:23:29 (18820 turns).

HungrySpirit the Fighter (Gargoyle Fighter)        Turns: 18820, Time: 00:23:30

Health: -7/130     AC: 30    Str: 24 (27) XL:     13   Next: 13%
Magic:  0/13       EV:  2    Int:  7 (10) God:    Makhleb [***...]
Gold:   588        SH: 12    Dex: 10 (12) Spells: 12/12 levels left

rFire    + . .     SeeInvis .   w - +2 spear "Lihae" {flame, rElec rC+}
rCold    + + .     Faith    .   c - +0 kite shield
rNeg     + + +     Spirit   +   (armour currently unavailable)
rPois    ∞         Reflect  .   (helmet currently unavailable)
rElec    +         Harm     .   (cloak currently unavailable)
rCorr    +         Rampage  .   (gloves currently unavailable)
Will     .....     NoTele   +   (boots currently unavailable)
Stlth    +.........             y - amulet of guardian spirit
HPRegen  0.31/turn              e - +6 ring of strength
MPRegen  0.13/turn              H - +4 ring of protection

@: tree-form, resistant
A: stationary, stasis, torment immunity, boosted hp, sickness immunity, AC +9,
negative energy resistance 1, (electricity resistance), torment resistance 1,
petrification resistance
a: Renounce Religion, Minor Destruction, Lesser Servant of Makhleb


You were on level 13 of the Dungeon.
You worshipped Makhleb.
Makhleb was most pleased with you.
You were a tree.
You visited 1 branch of the dungeon, and saw 13 of its levels.

You collected 768 gold pieces.
You spent 180 gold pieces at shops.

Inventory:

Hand Weapons
 a - a +0 war axe of electrocution
 w - the +2 spear "Lihae" (weapon) {flame, rElec rC+}
   (You found it on level 5 of the Dungeon)

   It burns those it strikes, dealing additional fire damage.
   rC:        It protects you from cold.
   rElec:     It insulates you from electricity.
Missiles
 f - 70 poisoned darts (quivered)
Armour
 c - a +0 kite shield (worn)
 d - a +2 pair of gloves of strength (melded)
 r - a +0 plate armour
 x - the +11 chain mail of Compression (melded) {rPois rC- Int+4 SInv}
   (You found it on level 11 of the Dungeon)

   Int:       It affects your intelligence (+4).
   rC:        It makes you vulnerable to cold.
   rPois:     It protects you from poison.
   SInv:      It lets you see invisible.
 A - a +1 pair of boots of stealth (melded)
Jewellery
 e - a +6 ring of strength (left branch)
 y - an amulet of guardian spirit (around neck)
 H - a +4 ring of protection (right branch)
 K - an amulet of the acrobat
Wands
 q - a wand of flame (9)
 t - a wand of acid (7)
 B - a wand of polymorph (8)
 C - a wand of iceblast (12)
 E - a wand of charming (17)
Scrolls
 b - a scroll of amnesia
 g - 5 scrolls of teleportation
 h - 3 scrolls of magic mapping
 j - 2 scrolls of enchant weapon
 l - 3 scrolls of enchant armour {unknown}
 m - 5 scrolls of vulnerability
 n - a scroll of holy word {unknown}
 u - 5 scrolls of fog {unknown}
 F - a scroll of brand weapon
 J - 3 scrolls of identify
Potions
 i - 3 potions of ambrosia
 o - a potion of attraction
 p - 3 potions of curing
 s - a potion of lignification
 v - a potion of mutation
 z - 2 potions of flight


   Skills:
 + Level 12.7 Fighting
 + Level 10.7(11.2) Axes
 - Level 5.2(8.7) Polearms
 + Level 10.0 Armour
 - Level 5.0 Dodging
 + Level 9.9 Shields


You had 12 spell levels left.
You didn't know any spells.
Your spell library contained the following spells:

 Spells                   Type           Power      Damage    Failure   Level
 Magic Dart               Conj           0%         1d3       65%         1
 Summon Small Mammal      Summ           0%         N/A       65%         1
 Blink                    Tloc           N/A        N/A       80%         2
 Call Imp                 Summ           0%         N/A       80%         2
 Call Canine Familiar     Summ           0%         N/A       95%         3
 Lesser Beckoning         Tloc           0%         N/A       95%         3
 Mephitic Cloud           Conj/Pois/Air  0%         N/A       95%         3
 Summon Guardian Golem    Hex/Summ       0%         N/A       95%         3
 Animate Armour           Summ/Erth      0%         N/A       100%        4
 Leda's Liquefaction      Hex/Erth       0%         N/A       100%        4
 Petrify                  Tmut/Erth      0%         N/A       100%        4
 Blade Hands              Tmut           0%         N/A       100%        5
 Bolt of Magma            Conj/Fire/Erth 0%         4d4       100%        5
 Irradiate                Conj/Tmut      0%         3d13      100%        5
 Manifold Assault         Tloc           0%         N/A       100%        5
 Iron Shot                Conj/Erth      0%         9d1       100%        6
 Sublimation of Blood     Necr           Unusable   N/A       N/A         2
 Statue Form              Tmut/Erth      Unusable   N/A       N/A         6

Dungeon Overview and Level Annotations

Branches:
Dungeon (13/15)            Temple (0/1) D:6            Lair (0/6) D:9
    Orc (0/2) D:9
 Vaults: D:13-14

Altars:
Gozag
Makhleb
Nemelex Xobeh
Qazlal
Ru
Trog
Xom
Yredelemnul

Shops:
D:8 [

Annotations:
D:3 2 runed translucent doors, windycow's ghost, amateur MfGl
D:13 Rupert


Innate Abilities, Weirdness & Mutations

You are a tree.
Your roots penetrate the ground, keeping you stationary.
You cannot be teleported.
You are immune to unholy pain and torment.
Your maximum health is greatly increased.
Your equipment is partially melded.
You are immune to sickness and miasma.
((Your stone body is resilient. (AC +9)))
You are immune to poison.
You resist negative energy. (rN+)
((You are resistant to electric shocks. (rElec)))
You are resistant to unholy torment.
You are immune to petrification.


Message History

You hit Rupert. You burn Rupert.
Rupert is moderately wounded.
You flicker back into view.
Rupert hits you with a +0 vorpal triple sword! x2
You barely miss Rupert.
Rupert is moderately wounded.
Rupert barely misses you.
You hit Rupert. You burn Rupert.
Rupert is moderately wounded.
You block Rupert's attack.
You barely miss Rupert.
Rupert is moderately wounded.
Rupert hits you with a +0 vorpal triple sword!
You hit Rupert. You burn Rupert.
Rupert is moderately wounded.
Rupert hits you with a +0 vorpal triple sword!
You hit Rupert. You burn Rupert.
Rupert is moderately wounded.
Rupert hits you with a +0 vorpal triple sword!
* * * LOW HITPOINT WARNING * * *
x2 You hit Rupert.
You burn Rupert.
Rupert is moderately wounded.
Rupert hits you with a +0 vorpal triple sword!
* * * LOW HITPOINT WARNING * * *
x2 Rupert hits you with a +0 vorpal triple sword!
* * * LOW HITPOINT WARNING * * *
x2 You puncture Rupert!
You burn Rupert.
Rupert is moderately wounded.
You block Rupert's attack.
It was a potion of resistance.
You feel protected.
Rupert hits you with a +0 vorpal triple sword!
* * * LOW HITPOINT WARNING * * *
x2 Your magical contamination has completely faded away.
It was a potion of degeneration.
There was something very wrong with that liquid.
You feel weakened.
You feel dopey.
You feel clumsy. You block Rupert's attack.
Rupert hits you with a +0 vorpal triple sword!
You die...

#.....# ##.# ###+##
#.....# #.# #....# #...(.#
###'## #....#
#####...(.#########....#
#....#
#.(.((..(.#.......'....##
+....#
##.###)..(...#######....+.
#..>.###..# #...J.###
#....## #....'@..##
####@## ##'### #....#####
#.♣# #.# ###'## ##.## ##.#
##..# #..# #..# #..## #.##
#.## #.## #.# #.# ...
##'###### #.# ....
#.......#######.#####
.....
#.......'............
......
+.......#######.#####


You could see Rupert (berserk) and a slime creature.

Vanquished Creatures
  A hydra (D:12)
  4 boulder beetles
  A death knight (D:12)
  A centaur warrior (D:13)
  5 two-headed ogres
  Sonja (D:10)
  Pikel (D:4)
  A sea snake (shapeshifter) (D:10)
  A deep elf pyromancer (D:7)
  2 manticores
  4 cyclopes
  A gargoyle (D:12)
  2 unseen horrors
  A jumping spider (shapeshifter) (D:13)
  2 trolls (D:11)
  6 hornets
  4 slime creatures
  A centaur simulacrum (D:11)
  A shadow (D:12)
  4 wraiths
  5 wyverns (D:9)
  12 yaks
  A basilisk (D:9)
  An acid dragon (D:10)
  3 water moccasins
  A sky beast (D:8)
  5 orc warriors
  A black bear (D:4)
  2 ice beasts
  A necrophage (D:6)
  An ogre (D:6)
  9 centaurs
  A lemure (D:4)
  Blork the orc (D:4)
  2 kobold brigands
  2 bullfrogs
  A gnoll sergeant (D:11)
  A water moccasin skeleton (D:5)
  17 killer bees
  6 centaur zombies
  2 orc priests (D:9)
  2 hounds
  3 iron imps (D:3)
  A bullfrog skeleton (D:6)
  2 iguanas
  Natasha (thrice) (D:3)
  7 orc wizards
  A killer bee zombie (D:8)
  2 howler monkey zombies
  8 gnolls
  12 adders
  A white imp (D:7)
  An ufetubus (D:6)
  2 worms (D:2)
  3 dart slugs
  25 orcs
  8 endoplasms
  3 goblins
  4 hobgoblins
  3 quokkas
  6 ball pythons
  6 bats
  3 frilled lizards
  13 kobolds
  6 rats
244 creatures vanquished.

Vanquished Creatures (others)
  A hydra (D:11)
  2 centaurs (D:11)
  5 fungi (D:9)
  17 plants (D:9)
25 creatures vanquished.

Grand Total: 269 creatures vanquished

Notes
Turn   | Place    | Note
-------+----------+-------------------------------------------
     0 | D:1      | HungrySpirit the Gargoyle Fighter began the quest for the
                  | Orb.
     0 | D:1      | Reached XP level 1. HP: 14/14 MP: 1/1
   417 | D:1      | Found a faded altar of an unknown god.
   521 | D:2      | Reached XP level 2. HP: 19/20 MP: 2/2
   600 | D:2      | Reached XP level 3. HP: 16/24 MP: 3/3
   768 | D:2      | Reached skill level 4 in Fighting
  1630 | D:3      | Reached XP level 4. HP: 30/30 MP: 4/4
  1798 | D:3      | Noticed Natasha
  1808 | D:3      | Killed Natasha
  1850 | D:3      | Found a runed translucent door.
  1862 | D:3      | Noticed Natasha
  1869 | D:3      | Killed Natasha
  1870 | D:3      | Reached skill level 5 in Fighting
  1870 | D:3      | Reached XP level 5. HP: 32/35 MP: 5/5
  1933 | D:3      | Found a runed translucent door.
  1938 | D:3      | Noticed windycow's ghost (amateur MfGl)
  2200 | D:3      | Noticed Natasha
  2211 | D:3      | Killed Natasha
  2259 | D:3      | Found a burning altar of Makhleb.
  2886 | D:3      | Reached XP level 6. HP: 30/40 MP: 6/6
  2917 | D:3      | Became a worshipper of Makhleb the Destroyer
  3234 | D:4      | Noticed a black bear
  3246 | D:4      | Killed a black bear
  3247 | D:4      | Reached skill level 6 in Fighting
  3518 | D:4      | Noticed Blork the orc
  3519 | D:4      | Noticed Pikel
  3536 | D:4      | Killed Blork the orc
  3537 | D:4      | Reached XP level 7. HP: 25/46 MP: 7/7
  3798 | D:4      | Killed Pikel
  3799 | D:4      | Reached skill level 7 in Fighting
  3799 | D:4      | Reached XP level 8. HP: 24/53 MP: 8/8
  4012 | D:4      | You fall into a shaft and drop 1 floor!
  4012 | D:5      | Entered Level 5 of the Dungeon
  4760 | D:5      | Identified the +2 spear "Lihae" {flame, rElec rC+}
  5547 | D:6      | Found a staircase to the Ecumenical Temple.
  5606 | D:6      | Reached skill level 8 in Fighting
  5746 | D:6      | Found a shimmering altar of Xom.
  6241 | D:6      | Reached * piety under Makhleb
  6263 | D:6      | Found a stormy altar of Qazlal.
  7441 | D:8      | Reached XP level 9. HP: 49/60 MP: 9/9
  7669 | D:8      | Found a sacrificial altar of Ru.
  7714 | D:8      | Noticed a hornet
  7736 | D:8      | HP: 3/60 [hornet (2)]
  7737 | D:8      | Killed a hornet
  8135 | D:8      | Noticed a deep elf pyromancer
  8136 | D:8      | Noticed a hornet
  8517 | D:8      | Reached skill level 9 in Fighting
  8537 | D:8      | Killed a hornet
  8573 | D:8      | Noticed a two-headed ogre
  9098 | D:8      | Found Faigim's Antique Armour Shoppe.
  9107 | D:8      | Bought a pair of embroidered gloves for 180 gold pieces
  9217 | D:7      | Killed a deep elf pyromancer
  9218 | D:7      | Reached skill level 1 in Polearms
  9515 | D:8      | Reached XP level 10. HP: 41/67 MP: 7/10
  9719 | D:8      | Killed a two-headed ogre
  9720 | D:8      | Reached skill level 10 in Fighting
  9720 | D:8      | Reached skill level 5 in Armour
  9720 | D:8      | Reached skill level 5 in Shields
 10306 | D:9      | Reached ** piety under Makhleb
 10467 | D:9      | Reached skill level 1 in Dodging
 10727 | D:9      | Noticed a two-headed ogre
 11325 | D:9      | Killed a two-headed ogre
 11425 | D:9      | Found a staircase to the Lair.
 11480 | D:9      | Reached XP level 11. HP: 53/73 MP: 8/11
 12091 | D:9      | Found a staircase to the Orcish Mines.
 12435 | D:10     | Entered Level 10 of the Dungeon
 12536 | D:10     | Noticed a cyclops
 12805 | D:10     | Noticed a sea snake
 12805 | D:10     | a cyclops changed into a sea snake
 12828 | D:10     | Killed a sea snake
 12880 | D:10     | Noticed a manticore
 12895 | D:10     | Killed a manticore
 12896 | D:10     | Reached skill level 11 in Fighting
 12966 | D:10     | Noticed Sonja
 12982 | D:10     | Killed Sonja
 12983 | D:10     | Reached skill level 5 in Polearms
 13784 | D:10     | Found an opulent altar of Gozag.
 13787 | D:10     | Found a sparkling altar of Nemelex Xobeh.
 13791 | D:10     | Found a bloodstained altar of Trog.
 13942 | D:10     | Found a basalt altar of Yredelemnul.
 14105 | D:10     | Reached *** piety under Makhleb
 14129 | D:10     | Noticed a boulder beetle
 14433 | D:10     | Killed a boulder beetle
 14761 | D:11     | Noticed an eight-headed hydra
 14787 | D:11     | Killed an eight-headed hydra
 14788 | D:11     | Reached XP level 12. HP: 7/80 MP: 2/12
 15516 | D:11     | Identified the +11 chain mail of Compression {rPois rC-
                  | Int+4 SInv}
 15724 | D:11     | Noticed a boulder beetle
 15757 | D:11     | Killed a boulder beetle
 15970 | D:11     | Noticed a boulder beetle
 15995 | D:11     | Found the +7 Singing Sword {vorpal, sonic wave}
 15996 | D:11     | Noticed a two-headed ogre
 16027 | D:11     | Killed a two-headed ogre
 16047 | D:11     | Reached skill level 5 in Dodging
 16077 | D:11     | Killed a boulder beetle
 16078 | D:11     | Reached skill level 10 in Axes
 16368 | D:11     | Reached skill level 12 in Fighting
 16866 | D:12     | Noticed an eight-headed hydra
 16866 | D:12     | Noticed a boulder beetle
 16882 | D:12     | Killed an eight-headed hydra
 16954 | D:12     | Killed a boulder beetle
 17189 | D:12     | Noticed a death knight
 17257 | D:12     | Killed a death knight
 17989 | D:12     | Noticed a two-headed ogre
 17998 | D:12     | Killed a two-headed ogre
 18322 | D:13     | Reached XP level 13. HP: 85/87 MP: 11/13
 18710 | D:13     | Reached skill level 10 in Armour
 18730 | D:13     | Noticed Rupert
 18781 | D:13     | Paralysed by Rupert for 2 turns
 18819 | D:13     | HP: 5/130 [Rupert (8)]
 18819 | D:13     | HP: 2/130 [Rupert (3)]
 18820 | D:13     | Mangled by Rupert

Illustrated notes

Levels and vault maps discovered:
D:1:      nagdon_arrival_double_spiral, layout_rooms,
          dreamdust_ecumenical_altar_hidden_monk_grotto
D:2:      layout_loops_ring, minmay_fountain_box, minmay_surrounded
D:3:      kb_forest_paths, layout_basic, demons_altar, ebering_ghost_sewer_f,
          uniq_natasha
D:4:      layout_rooms, uniq_blork_the_orc, uniq_pikel
D:5:      layout_basic, serial_rivers, chequers_serial_rivers_small_3,
          chequers_serial_rivers_large_b, chequers_serial_rivers_room_a,
          chequers_serial_rivers_micro_b, chequers_serial_rivers_room_b,
          chequers_serial_rivers_micro_e
D:6:      layout_basic, nicolae_overflow_hidden_temple, lemuel_round_altar,
          minmay_temple_entry_antechambers, minmay_tree_intersection
D:7:      layout_gridville
D:8:      kennysheep_big_flooded_room, layout_cave_pools,
          nicolae_ru_sacrificial_ziggurat, serial_shops, nicolae_lakefront_shop
D:9:      layout_irregular_city, minmay_lair_entry_grove, orc_0_dummy
D:10:     layout_roguey, grunt_temple_overflow_diamond,
          lemuel_zombie_altar_yredelemnul, enter_bailey_2, grunt_potential,
          uniq_sonja
D:11:     layout_stronghold, minmay_mirror_moons_of_madness
D:12:     layout_layer_cave
D:13:     layout_roguey, david_vaults_4, uniq_rupert, uniq_urug

Skill      XL: |  1  2  3  4  5  6  7  8  9 10 11 12 13 |
---------------+----------------------------------------+-----
Axes           | 2 3 4 6 8 9 10 | 10.7
Fighting       | 4 5 6 7 8 9 10 11 12 | 12.7
Polearms       | 2 4 5 |  5.2
Armour         | 4 6 8 9 10 | 10.0
Shields        | 4 6 8 9 |  9.9
Dodging        | 2 4 5 |  5.0

Action                   |  1- 3 |  4- 6 |  7- 9 | 10-12 | 13-15 || total
-------------------------+-------+-------+-------+-------+-------++-------
Melee: War axe           |    86 |    38 |       |    45 |       ||   169
       Hand axe          |       |    72 |   341 |       |       ||   413
       Spear             |       |       |    81 |  1006 |   107 ||  1194
Throw: Dart              |       |    13 |    18 |    26 |     7 ||    64
Evoke: Wand              |       |     1 |    14 |     7 |       ||    22
  Use: Potion            |       |       |     1 |     3 |     5 ||     9
       Scroll            |       |       |       |    11 |     2 ||    13
 Stab: Invisible         |       |       |       |     2 |       ||     2
Armor: Scale mail        |    65 |    53 |   240 |   235 |       ||   593
       Plate armour      |       |       |       |   260 |       ||   260
       Chain mail        |       |       |       |    99 |    37 ||   136
       Skin              |       |       |       |       |     4 ||     4
Dodge: Dodged            |    48 |    52 |   208 |   348 |    27 ||   683
Block: Kite shield       |       |       |       |   199 |    40 ||   239
